 Dungeon Crawl Stone Soup version 0.17-a0-986-gf45d1aa (webtiles) character file.

102 oplop the Sneak (level 4, -4/21 HPs)
             Began as a Spriggan Enchanter on May 11, 2015.
             Slain by a kobold
             ... wielding a +2 dagger of electrocution
              (20 damage)
             ... on level 2 of the Dungeon.
             The game lasted 00:03:04 (1707 turns).

oplop the Sneak (Spriggan Enchanter)                Turns: 1707, Time: 00:03:04

Health: -4/21      AC:  3    Str:  4    XL:     4   Next: 49%
Magic:  4/11       EV: 18    Int: 17    God:
Gold:   101        SH:  0    Dex: 16    Spells: 4 memorised, 2 levels left

rFire  . . .     SeeInvis +     a - +1 dagger
rCold  . . .     Clarity  .     b - +1 robe
rNeg   . . .     SustAb   .     (shield restricted)
rPois  .         Gourm    .     (helmet restricted)
rElec  .         Spirit   .     (no cloak)
rCorr  .         Warding  .     (gloves unavailable)
rMut   .         Stasis   .     (boots unavailable)
MR     .....                    (no amulet)
Stlth  ++++......               (no ring)
                                (no ring)

@: very quick, not resistant to hostile enchantments, stealthy
A: unfitting armour, see invisible, herbivore 3, speed 3, slow metabolism 2
a: no special abilities


You were on level 2 of the Dungeon.
You were not hungry.

You visited 1 branch of the dungeon, and saw 2 of its levels.

You collected 101 gold pieces.

Inventory:

Hand weapons
 a - a +1 dagger (weapon)
Armour
 b - a +1 robe (worn)
Scrolls
 e - a scroll of fear {unknown}
 f - a scroll of identify {unknown}
 h - a scroll of teleportation {unknown}
 k - a scroll of fog {unknown}
 l - a scroll of enchant armour {unknown}
 m - 2 scrolls of remove curse {unknown}
 p - a scroll of enchant weapon {unknown}
 q - a scroll of noise {unknown}
Potions
 g - 2 potions of might {unknown}
 i - 2 potions of curing {unknown}
 j - a potion of cure mutation {unknown}
 n - a potion of haste {unknown}
Books
 c - a book of Maledictions

   Spells                             Type                      Level
   a - Corona                         Hexes                        1
   b - Ensorcelled Hibernation        Hexes/Ice                    2
   c - Confuse                        Hexes                        3
   d - Tukima's Dance                 Hexes                        3
   e - Dazzling Spray                 Conjuration/Hexes            3
 o - a book of Minor Magic

   Spells                             Type                      Level
   a - Magic Dart                     Conjuration                  1
   b - Blink                          Translocation                2
   c - Call Imp                       Summoning                    2
   d - Repel Missiles                 Charms/Air                   2
   e - Slow                           Hexes                        2
   f - Conjure Flame                  Conjuration/Fire             3
   g - Mephitic Cloud                 Conjuration/Poison/Air       3
Comestibles
 d - 2 bread rations


   Skills:
 - Level 1.1 Short Blades
 - Level 3.0 Dodging
 + Level 5.7 Stealth
 + Level 4.1 Spellcasting
 + Level 4.7 Hexes


You had 2 spell levels left.
You knew the following spells:

 Your Spells              Type           Power        Failure   Level  Hunger
a - Corona                Hex            ###....      2%          1    None
b - Ensorcelled Hibernat  Hex/Ice        ##....       12%         2    ##.....
c - Confuse               Hex            ###.....     10%         3    ###....
d - Tukima's Dance        Hex            ###.....     10%         3    ###....


Dungeon Overview and Level Annotations

Branches:
Dungeon (2/15)

Altars:
Trog


Innate Abilities, Weirdness & Mutations

You are tiny and cannot use many weapons and most armour.
You have supernaturally acute eyesight.
You are a herbivore.
You cover ground extremely quickly.
You need consume almost no food.


Message History

Unknown command.
You start resting.
Your magical contamination has completely faded away.
A kobold comes into view. It is wielding a club.
A kobold is nearby!
A kobold is nearby!
A kobold is nearby!
A kobold is nearby!
A kobold comes into view.
It is wielding a dagger of electrocution.
Found 26 bolts.
The helpless kobold fails to defend itself.
You impale the kobold!!
You kill the kobold!
The kobold shouts!
You closely miss the kobold. The kobold closely misses you.
You closely miss the kobold.
The kobold hits you with a dagger of electrocution.
You are electrocuted!
Ouch! That really hurt!
You die...

# #####...... ##.#####
#. ....(. ............
#..####.#.# #.##.##.####
.. ...#...# #.##.##..###
#..##.#.#.###...........
........................
#..##.)....###..........
#......# #..........
#..@...###..........
##.K...#............
#.....#.).........)
#.....#.....##.....
......#.....##.###.
##.....#.....##^# #.
##.####.....##.###.
#.#######.......##
........#..##.#.##


You could see a kobold.

Vanquished Creatures
  Natasha (thrice) (D:2)
  3 adders (D:2)
  4 worms (D:2)
  2 giant geckos (D:1)
  A giant cockroach (D:1)
  3 hobgoblins
  2 kobolds
  3 bats (D:1)
  3 giant newts (D:2)
  5 goblins
  5 rats
34 creatures vanquished.

Notes
Turn   | Place    | Note
--------------------------------------------------------------
     0 | D:1      | oplop the Spriggan Enchanter began the quest for the Orb.
     0 | D:1      | Reached XP level 1. HP: 9/9 MP: 5/5
   703 | D:1      | Reached XP level 2. HP: 7/13 MP: 7/7
   707 | D:1      | Learned a level 2 spell: Ensorcelled Hibernation
  1144 | D:2      | Noticed Natasha
  1155 | D:2      | Killed Natasha
  1155 | D:2      | Reached skill level 5 in Stealth
  1155 | D:2      | Reached XP level 3. HP: 13/16 MP: 3/9
  1210 | D:2      | Learned a level 3 spell: Confuse
  1214 | D:2      | Learned a level 3 spell: Tukima's Dance
  1427 | D:2      | Found a bloodstained altar of Trog.
  1466 | D:2      | Reached XP level 4. HP: 9/21 MP: 1/10
  1629 | D:2      | Noticed Natasha
  1643 | D:2      | Killed Natasha
  1663 | D:2      | Noticed Natasha
  1668 | D:2      | Killed Natasha
  1707 | D:2      | Slain by a kobold

Vault maps used:
D:1:      minmay_arrival_diagonal_passages, serial_co_window_serial,
          co_window_paths_a, co_window_corner_a, co_window_paths_a,
          co_window_paths_a, co_window_paths_a, co_window_corner_a,
          co_window_paths_a, co_window_2corner, co_window_cross_2,
          co_window_corner_b, co_window_broadway_b, co_window_unsneaky_path_b,
          co_window_2corner, glass_columns_a, glass_columns_a, glass_columns_c,
          glass_columns_a, glass_columns_b
D:2:      minivault_24, bloody_trog, uniq_natasha

Action                   |  1- 3 |  4- 6 || total
-------------------------+-------+-------++-------
Melee: Dagger            |    73 |    24 ||    97
 Cast: Corona            |     4 |       ||     4
       Ensorcelled Hiber |     9 |     6 ||    15
       Confuse           |       |     1 ||     1
 Stab: Sleeping          |    11 |     5 ||    16
       Confused          |       |     2 ||     2
